AoeStats
← URUK HAI

Arabia

509609780Analyzed
1v1 RM · 6d ago on Sep 27, 2026· 28m 16s· 2 players
Game mode
Random Map
Map size
Tiny (2 player)
Population
200
Speed
Normal
Resources
Standard
Victory
Conquest
Starting age
Dark Age
Ending age
Imperial Age
RankedLock teamsTeams togetherTeam positionsShared explorationLock speedFull tech treeHidden civsTurbo modeCheats
Victory
Defeat
🇫🇷 Vikings · France
658
+14
🇵🇱 Poles · Poland
622
-14
mikus
8:19 Loom
11:23 Feudal Age
12:43 Wheelbarrow
12:20 Double-Bit Axe
19:04 Stone Mining
19:12 Horse Collar
22:41 Castle Age
25:55 Murder Holes
URUK HAI
6:37 Loom
10:10 Feudal Age
13:34 Scale Mail Armor
13:00 Man-at-Arms
16:09 Forging
16:26 Horse Collar
18:06 Double-Bit Axe
19:56 Gold Mining
26:29 Castle Age
24:35 Stone Mining
26:51 Long Swordsman
28:56 Iron Casting
28:36 Chain Mail Armor
Connection lost

Rejoining the realm…

Still unreachable

The connection could not be restored.

Session expired

The server has moved on; the page needs a fresh start.